AoeStats
← Michi3052

Migration

505086441Analyzed
1v1 RM · 26d ago on Sep 7, 2026· 54m 13s· 2 players
Game mode
Random Map
Map size
132×132
Population
200
Speed
Normal
Resources
Standard
Victory
Conquest
Starting age
Dark Age
Ending age
Imperial Age
RankedLock teamsTeams togetherTeam positionsShared explorationLock speedFull tech treeHidden civsTurbo modeCheats
Victory
Defeat
🇺🇸 Franks · United States
665
+15
🇪🇸 Gurjaras · Spain
642
-15
Michi3052
10:20 Feudal Age
12:42 Loom
17:47 Double-Bit Axe
20:14 Castle Age
18:32 Horse Collar
20:19 Gold Mining
23:30 Town Watch
24:27 Wheelbarrow
24:49 Heavy Plow
27:39 Bloodlines
28:08 Hand Cart
29:45 Fletching
32:13 Bodkin Arrow
39:07 Imperial Age
40:55 Medium Warships
44:02 Conscription
44:46 Thumb Ring
46:07 Padded Archer Armor
49:36 Light Cavalry
50:22 Husbandry
51:45 Bow Saw
52:09 Crop Rotation
53:31 Gold Shaft Mining
53:14 Scale Barding Armor
53:20 Forging
54:08 Heavy Warships
pate
4:54 Loom
11:02 Feudal Age
11:36 Double-Bit Axe
13:44 Wheelbarrow
13:02 Gold Mining
14:27 Town Watch
14:46 Fishing Lines
19:05 Stone Mining
23:20 Castle Age
22:20 Forging
21:59 Man-at-Arms
22:26 Arson
25:09 Hand Cart
24:55 Town Patrol
25:32 Iron Casting
24:57 Scale Mail Armor
24:48 Fletching
24:58 Padded Archer Armor
25:16 Bow Saw
25:45 Gold Shaft Mining
27:03 Gillnets
27:24 Medium Warships
27:23 Fletching
27:34 Padded Archer Armor
29:03 Squires
30:26 #83
30:18 Gambesons
30:58 Light Cavalry
31:52 Long Swordsman
38:40 Chain Mail Armor
38:36 Scale Barding Armor
38:55 Crossbowman
38:56 Elite Skirmisher
41:52 Husbandry
46:17 Imperial Age
44:00 Bodkin Arrow
45:12 Pikeman
46:08 Fervor
47:48 Conscription
47:28 Chivalry
48:04 Hoardings
46:49 Elite Throwing Axeman
46:58 Capped Ram
48:06 Ballistics
47:57 Masonry
51:03 Chemistry
50:34 Architecture
50:51 Murder Holes
51:58 Blast Furnace
51:29 Plate Mail Armor
52:27 Siege Engineers
Connection lost

Rejoining the realm…

Still unreachable

The connection could not be restored.

Session expired

The server has moved on; the page needs a fresh start.